 Dungeon Crawl Stone Soup version 0.31-a0-971-g75a2e9a4b4 (webtiles) character file.

Game seed: 14176938404656134117

53626 croobank the Unseen (level 14, 0/110 HPs)
             Began as an Octopode Summoner on Oct 28, 2023.
             Was an Elder of Ashenzari.
             Slain by Rupert
             ... wielding a +2 battleaxe of electrocution
              (11 damage)
             ... on level 12 of the Dungeon.
             The game lasted 01:06:26 (23007 turns).

croobank the Unseen (Octopode Summoner)            Turns: 23007, Time: 01:06:26

Health: 0/110      AC:  1    Str:  7    XL:     14   Next: 69%
Magic:  10/29      EV: 22    Int: 21    God:    Ashenzari [****..]
Gold:   1261       SH:  0    Dex: 20    Spells: 19/36 levels left

rFire   + + .        w - +4 short sword of the Unyielding Gaze {Bglg, Comp} (curse)
rCold   . . .        (no shield)
rNeg    + + +        h - +0 hat of the Chained Vision {rF+ rN++, Range, Comp} (curse)
rPois   .            m - amulet "Bound Omission" {Regen+, Melee, Bglg} (curse)
rElec   .            p - ring "Overhang to Understand" {Wiz, Cun, Range} (curse)
rCorr   .            H - ring of Desmomancy {Wiz, Comp, Alch} (curse)
SInv    +            S - ring "Omission of Ashenzari" {Dex+6, Melee, Alch} (curse)
Will    +....        Z - ring "Chained With Me" {rN+, Self, Alch} (curse)
Stlth   ++++++++     N - ring of the Sublime Disgust {rF+, Melee, Alch} (curse)
HPRegen 1.18/turn    (no ring)
MPRegen 0.21/turn    (no ring)
                     (no ring)

%: clarity, wizardry (x2)
@: hasted, very quick
A: almost no armour, amphibious, 8 rings, camouflage 1, gelatinous body 1,
(nimble swimmer 1), tentacles
a: Renounce Religion, Curse Item, Shatter the Chains


You were on level 12 of the Dungeon.
You worshipped Ashenzari.
Ashenzari was greatly pleased with you.
You visited 3 branches of the dungeon, and saw 18 of its levels.
You also visited: Sewer.

You collected 1441 gold pieces.
You spent 180 gold pieces at shops.

Inventory:

Hand Weapons
 a - a +0 dagger of protection
 f - a +0 dagger of speed
 n - a +2 mace of protection
 w - the cursed +4 short sword of the Unyielding Gaze (weapon) {Bglg, Comp}
   (You took it off a kobold in a sewer)

   It has a curse which improves the following skills: Beguiling: Conjurations,
   Hexes and Translocations.
   Companions: Summonings and Necromancy.
 G - a +4 falchion
 V - a -1 demon whip of venom
 X - a +0 demon trident of pain
Missiles
 l - 44 poisoned darts
 x - 2 curare-tipped darts
 L - 6 javelins
 Y - 4 silver javelins
Armour
 h - the cursed +0 hat of the Chained Vision (worn) {rF+ rN++, Range, Comp}
   (You acquired it on level 6 of the Dungeon)

   rF+:       It protects you from fire.
   rN++:      It greatly protects you from negative energy.
   It has a curse which improves the following skills: Ranged Combat: Ranged
   Weapons and Throwing.
   Companions: Summonings and Necromancy.
Jewellery
 i - the amulet "Vyirups" {Faith rElec Will+ Int+3}
   (You found it on level 5 of the Lair of Beasts)

   [amulet of faith]

   Faith:     It allows you to gain divine favour quickly.
   Int+3:     It affects your intelligence (+3).
   rElec:     It insulates you from electricity.
   Will+:     It increases your willpower.
 m - the cursed amulet "Bound Omission" (around mantle) {Regen+, Melee, Bglg}
   (You found it on level 3 of the Dungeon)

   [amulet of regeneration]

   Regen+:    It increases your rate of health regeneration.
   It has a curse which improves the following skills: Melee Combat: Short
   Blades, Long Blades, Axes, Maces & Flails, Polearms, Staves and Unarmed
   Combat.
   Beguiling: Conjurations, Hexes and Translocations.
 p - the cursed ring "Overhang to Understand" (left tentacle) {Wiz, Cun, Range}
   (You found it on level 3 of the Dungeon)

   [ring of wizardry]

   Wiz:       It improves your spell success rate.
   It has a curse which improves the following skills: Cunning: Dodging and
   Stealth.
   Ranged Combat: Ranged Weapons and Throwing.
 y - a ring of ice
 H - the cursed ring of Desmomancy (right tentacle) {Wiz, Comp, Alch}
   (You found it on level 7 of the Dungeon)

   [ring of wizardry]

   Wiz:       It improves your spell success rate.
   It has a curse which improves the following skills: Companions: Summonings
   and Necromancy.
   Alchemy:   Poison Magic and Transmutations.
 N - the cursed ring of the Sublime Disgust (on tentacle) {rF+, Melee, Alch}
   (You found it on level 10 of the Dungeon)

   [ring of protection from fire]

   rF+:       It protects you from fire.
   It has a curse which improves the following skills: Melee Combat: Short
   Blades, Long Blades, Axes, Maces & Flails, Polearms, Staves and Unarmed
   Combat.
   Alchemy:   Poison Magic and Transmutations.
 S - the cursed ring "Omission of Ashenzari" (on tentacle) {Dex+6, Melee, Alch}
   (You found it on level 2 of the Lair of Beasts)

   [ring of dexterity]

   Dex+6:     It affects your dexterity (+6).
   It has a curse which improves the following skills: Melee Combat: Short
   Blades, Long Blades, Axes, Maces & Flails, Polearms, Staves and Unarmed
   Combat.
   Alchemy:   Poison Magic and Transmutations.
 Z - the cursed ring "Chained With Me" (on tentacle) {rN+, Self, Alch}
   (You found it on level 3 of the Lair of Beasts)

   [ring of positive energy]

   rN+:       It protects you from negative energy.
   It has a curse which improves the following skills: Introspection: Fighting
   and Spellcasting.
   Alchemy:   Poison Magic and Transmutations.
Wands
 s - a wand of quicksilver (8)
 E - a wand of polymorph (7)
 M - a wand of iceblast (15)
 O - a wand of charming (5)
 R - a wand of flame (24)
Scrolls
 c - 3 scrolls of fog
 d - 2 scrolls of poison
 g - 4 scrolls of noise
 j - 5 scrolls of torment
 k - 14 scrolls of identify
 o - 9 scrolls of teleportation
 q - 3 scrolls of enchant armour
 v - 4 scrolls of vulnerability
 B - 3 scrolls of amnesia
 C - 2 scrolls of enchant weapon
 F - 2 scrolls of immolation
 K - 6 scrolls of fear
 P - a scroll of revelation
Potions
 b - 2 potions of brilliance
 r - 2 potions of might
 t - 2 potions of magic
 u - 2 potions of resistance
 A - a potion of attraction
 D - 8 potions of curing
 I - 2 potions of lignification
 Q - a potion of cancellation
 T - a potion of enlightenment
 W - a potion of ambrosia
Miscellaneous
 J - a box of beasts


   Skills:
 + Level 13.4(15.2) Fighting
 - Level 5.3(8.8) Short Blades
 + Level 11.0(12.8) Dodging
 + Level 15.2(16.9) Stealth
 + Level 9.9(11.7) Spellcasting
 + Level 11.3(14.8) Summonings


You had 19 spell levels left.
You knew the following spells:

 Your Spells              Type           Power      Damage    Failure   Level
a - Summon Small Mammal   Summ           100%       N/A       0%          1
b - Call Imp              Summ           100%       N/A       0%          2
c - Call Canine Familiar  Summ           65%        N/A       1%          3
d - Summon Guardian Gole  Hex/Summ       44%        N/A       1%          3
e - Summon Lightning Spi  Summ/Air       43%        N/A       1%          4
f - Iskenderun's Mystic   Conj/Tloc      13%        2d5       13%         4

Your spell library contained the following spells:

 Spells                   Type           Power      Damage    Failure   Level
 Freeze                   Ice            48%        1d6       1%          1
 Jinxbite                 Hex            26%        N/A       1%          2
 Passwall                 Tmut/Erth      10%        N/A       1%          2
 Summon Ice Beast         Ice/Summ       43%        N/A       1%          4
 Ensorcelled Hibernation  Hex/Ice        26%        N/A       2%          2
 Frozen Ramparts          Ice            24%        1d4       4%          3
 Hailstorm                Conj/Ice       13%        3d5       4%          3
 Swiftness                Air            12%        N/A       4%          3
 Volatile Blastmotes      Fire/Tloc      26%        2d12      4%          3
 Anguish                  Hex/Necr       7%         N/A       12%         4
 Fulminant Prism          Conj/Hex       6%         3d6       13%         4
 Petrify                  Tmut/Erth      13%        N/A       13%         4
 Metabolic Englaciation   Hex/Ice        6%         N/A       32%         5
 Simulacrum               Ice/Necr       6%         N/A       85%         6


Dungeon Overview and Level Annotations

Branches:
Dungeon (12/15)            Temple (0/1) D:5            Lair (5/5) D:11
  Swamp (0/4) Lair:2        Snake (0/4) Lair:3        Slime (0/5) Lair:5
    Orc (1/2) D:11          Sewer (visited)

Altars:
Ashenzari
Dithmenos
Elyvilon
Gozag
Kikubaaqudgha
Okawaru
Qazlal
Sif Muna
Trog
Xom
Jiyva

Shops:
D:8 ?

Annotations:
D:2 1 runed translucent door, Crazy Yiuf
D:12 3 transporters, Rupert
Orc:1 Fannar


Innate Abilities, Weirdness & Mutations

You cannot wear most types of armour.
You are amphibious.
You can wear up to eight rings at the same time.
Your skin changes colour to match your surroundings (Stealth+).
Your rubbery body absorbs attacks. (AC +1, EV +1)
((You are camouflaged when in or above water. (Stealth+)))
You have tentacles for arms and can constrict up to eight enemies at once.


Message History

Anything else - Cancel.
Gang up on whom?
Press: ? - help, Dir - move target, f/p - enormous slime creature
Aim: an enormous slime creature (severely wounded, ally target) Attack!
The enormous slime creature hits your lightning spire!!!
Your lightning spire is destroyed!
Your lightning spire disappears in a puff of smoke!
Your guardian golem disappears in a puff of smoke!
Your guardian golem explodes!
Casting: Summon Guardian Golem (safe; 1% risk of failure)
Confirm with . or Enter, or press ? or * to list all spells.
A guardian golem appears, shielding your allies.
Rupert hits you with a +2 battleaxe of electrocution!
Rupert closely misses you.
Rupert rages.
Casting: Summon Guardian Golem (safe; 1% risk of failure)
Confirm with . or Enter, or press ? or * to list all spells.
Rupert hits you with a +2 battleaxe of electrocution!!
Rupert hits your guardian golem with a +2 battleaxe of electrocution!
Rupert hits your wolf with a +2 battleaxe of electrocution!
Rupert hits you with a +2 battleaxe of electrocution!!
You are electrocuted!!
* * * LOW HITPOINT WARNING * * *
Rupert barely misses your guardian golem.
Rupert closely misses your wolf.
Your wolf barely misses Rupert.
The slime creature hits your wolf!
Okay, then.
Okay, then.
Okay, then.
You feel yourself speed up.
Your wolf bites the slime creature.
Rupert misses you.
Rupert hits your guardian golem with a +2 battleaxe of electrocution!
Your wolf bites the slime creature!
The slime creature barely misses your wolf.
Rupert hits you with a +2 battleaxe of electrocution!!
* * * LOW HITPOINT WARNING * * *
You are electrocuted!
You die...
Rupert roars with triumph.

#......#..##....# *#.###.......
#...........#.### ######......
###...#<.<.[##.# **####......
#.###.<#.#...#### ##,####......
####..[.#).J#.#.#*#.###........
##...{.#..#h##.#*,#...#.......
#9#..##§.###.9##,###...#......
#...§#J.###.#@.###.##.........
#.h...##.#.##@###.####........
***#.....###.###...##.#.#........
*∆,##....# ####....#.............
*,,#...#.# #....).............
*,,##.#### ##..#...............
*,,,.## #.#####.............
,*,..,** *###*####............
*,...,,*** *,,,*####............
***##,,*,* **,....###........##..


You could see Rupert (berserk, ally target), a slime creature (ally target), a
friendly guardian golem (summoned) and a friendly wolf (summoned, sheltered).

Vanquished Creatures
  5 elephants
  A black mamba (Lair:2)
  2 cane toads
  A komodo dragon (Lair:2)
  An unseen horror (D:10)
  5 rime drakes (D:8)
  A dream sheep (Lair:5)
  A wyvern (Lair:2)
  2 basilisks
  4 yaks
  2 vampire mosquitoes (D:9)
  2 water moccasins
  An orc warrior (D:11)
  A sky beast (D:7)
  A wolf (Lair:4)
  6 centaurs
  A kobold brigand (D:9)
  6 bullfrogs
  A scorpion (D:6)
  A killer bee (D:11)
  2 howler monkeys
  An orc priest (D:6)
  An iguana (D:4)
  An orc wizard (D:3)
  Natasha (twice) (D:2)
  2 shadow imps
  A worm (D:2)
  4 dart slugs
  9 orcs
  3 endoplasms
  3 giant cockroaches
  5 goblins
  6 hobgoblins
  2 jackals (D:5)
  7 kobolds
  A quokka (D:1)
  4 ball pythons
  5 bats
  2 frilled lizards (D:2)
  8 rats
114 creatures vanquished.

Vanquished Creatures (collateral kills)
  Snorg (D:10)
  3 hydras
  A two-headed ogre (D:10)
  2 death yaks
  An orc high priest (Orc:1)
  Urug (Lair:3)
  A bog body (Lair:2)
  A lindwurm (Lair:5)
  A deep elf pyromancer (D:12)
  2 orc knights
  A cyclops (D:11)
  An ugly thing (D:12)
  A manticore (D:12)
  6 black mambas
  3 elephants
  6 cane toads
  An orange demon (Lair:3)
  A torpor snail (Lair:5)
  4 rime drakes
  An unseen horror (D:12)
  6 komodo dragons
  2 polar bears (Lair:4)
  A blink frog (Lair:2)
  2 dream sheep (Lair:5)
  5 wyverns
  18 yaks
  2 steam dragons
  2 vampire mosquitoes (D:9)
  11 water moccasins
  2 black bears (D:11)
  8 orc warriors
  2 sky beasts
  2 ogres
  4 wolves
  2 centaurs (D:11)
  2 kobold brigands
  8 bullfrogs
  3 scorpions
  A wight (D:7)
  15 killer bees
  2 howler monkeys
  A jelly (D:8)
  6 orc priests
  A sleepcap (D:6)
  2 iguanas
  4 orc wizards
  6 hell rats (Lair:2)
  A gnoll (D:1)
  2 adders (D:4)
  A white imp (D:7)
  A dart slug (D:5)
  2 worms (D:3)
  18 orcs
  2 bats (D:1)
  An endoplasm (D:1)
  2 giant cockroaches (D:1)
  3 goblins (D:1)
  3 hobgoblins
  A jackal (D:5)
  20 kobolds
  2 ball pythons (Sewer)
  3 frilled lizards (Sewer)
  8 rats
229 creatures vanquished.

Vanquished Creatures (others)
  Gastronok (Lair:3)
  Frances (D:12)
  A dire elephant (Lair:5)
  A hydra (Lair:5)
  A two-headed ogre (D:8)
  6 death yaks
  Amaemon (Lair:3)
  An orc knight (Orc:1)
  3 elephants (Lair:4)
  2 cyclopes (D:11)
  A black mamba (Lair:5)
  3 cane toads
  2 gargoyles (D:11)
  A torpor snail (Lair:4)
  A komodo dragon (Lair:2)
  A rime drake (Lair:5)
  5 trolls
  A polar bear (Lair:4)
  2 blink frogs (Lair:2)
  A slime creature (D:12)
  A shadow (D:12)
  24 yaks
  A wyvern (D:9)
  2 basilisks
  3 water moccasins
  3 orc warriors
  A kobold brigand (Sewer)
  3 wights (D:7)
  3 killer bees
  A hell rat (Lair:2)
  3 orcs
  2 kobolds (Sewer)
83 creatures vanquished.

Grand Total: 426 creatures vanquished

Notes
Turn   | Place    | Note
-------+----------+-------------------------------------------
     0 | D:1      | croobank the Octopode Summoner began the quest for the Orb.
     0 | D:1      | Reached XP level 1. HP: 11/11 MP: 3/3
   316 | D:1      | Reached skill level 3 in Stealth
   316 | D:1      | Reached XP level 2. HP: 9/17 MP: 0/5
   393 | D:1      | Learned a level 2 spell: Call Imp
   630 | D:1      | Reached XP level 3. HP: 21/21 MP: 2/6
  1320 | D:2      | Found a faded altar of an unknown god.
  1338 | D:2      | Prayed at the altar of an unknown god.
  1338 | D:2      | Became a worshipper of Ashenzari the Shackled
  1391 | D:2      | Noticed Natasha
  1394 | D:2      | Killed Natasha
  1395 | D:2      | Reached XP level 4. HP: 27/27 MP: 7/7
  1535 | D:2      | Noticed Natasha
  1546 | D:2      | Killed Natasha
  1547 | D:2      | Reached skill level 1 in Fighting
  1547 | D:2      | Reached skill level 4 in Stealth
  1745 | D:2      | Learned a level 3 spell: Call Canine Familiar
  1840 | D:2      | Found a runed translucent door.
  1841 | D:2      | Noticed Crazy Yiuf
  2530 | D:3      | Reached XP level 5. HP: 33/33 MP: 8/8
  2742 | D:3      | Found a shadowy altar of Dithmenos.
  3133 | D:3      | Found the +18 Lear's hauberk
  3291 | D:4      | Noticed an ogre
  3297 | D:4      | Killed an ogre
  3298 | D:4      | Reached XP level 6. HP: 37/41 MP: 4/10
  3621 | D:4      | Learned a level 3 spell: Summon Guardian Golem
  3671 | D:4      | Noticed a water moccasin
  3686 | D:4      | Killed a water moccasin
  3687 | D:4      | Reached skill level 5 in Stealth
  3687 | D:4      | Reached skill level 5 in Summonings
  3834 | D:4      | Reached * piety under Ashenzari
  3834 | D:4      | Identified a scroll of acquirement
  3847 | D:4      | Reached XP level 7. HP: 46/46 MP: 7/11
  3867 | D:4      | Found a glowing drain.
  3872 | Sewer    | Entered a sewer
  5143 | D:5      | Entered Level 5 of the Dungeon
  5199 | D:5      | Learned a level 4 spell: Summon Lightning Spire
  5445 | D:5      | Found a staircase to the Ecumenical Temple.
  5841 | D:6      | Reached skill level 6 in Stealth
  5841 | D:6      | Reached XP level 8. HP: 26/54 MP: 1/13
  6086 | D:6      | Found a faded altar of an unknown god.
  6086 | D:6      | Found a stormy altar of Qazlal.
  6094 | D:6      | Found a white marble altar of Elyvilon.
  6096 | D:6      | Found a bloodstained altar of Trog.
  6098 | D:6      | Found an ancient bone altar of Kikubaaqudgha.
  6568 | D:6      | Reached skill level 5 in Fighting
  6603 | D:6      | Acquired the +0 hat of the Original Sin {rF+ rN++}
  6609 | D:6      | Reached ** piety under Ashenzari
  7149 | D:7      | Reached skill level 7 in Stealth
  7246 | D:7      | Reached skill level 5 in Dodging
  7246 | D:7      | Reached XP level 9. HP: 39/62 MP: 8/15
  8060 | D:7      | Found a shimmering blue altar of Sif Muna.
  8060 | D:7      | Found a shimmering altar of Xom.
  8244 | D:8      | Found the +4 skin of Zhor {*Englaciate rC+++ SInv}
  8246 | D:8      | Noticed a rime drake
  8248 | D:8      | Noticed a rime drake
  8251 | D:8      | Noticed a rime drake
  8552 | D:8      | Noticed a rime drake
  8552 | D:8      | Noticed a rime drake
  8606 | D:8      | Killed a rime drake
  8606 | D:8      | Killed a rime drake
  8606 | D:8      | Killed a rime drake
  8606 | D:8      | Killed a rime drake
  8606 | D:8      | Killed a rime drake
  8607 | D:8      | Reached skill level 8 in Stealth
  8607 | D:8      | Reached skill level 5 in Spellcasting
  8607 | D:8      | Reached XP level 10. HP: 41/72 MP: 4/18
  8873 | D:8      | Noticed a two-headed ogre
  8883 | D:8      | Killed a two-headed ogre
  8884 | D:8      | Reached skill level 9 in Stealth
  8972 | D:8      | Found Donecze's Magic Scroll Shop.
  9051 | D:8      | Bought a scroll of poison for 48 gold pieces
  9051 | D:8      | Bought a scroll of immolation for 48 gold pieces
  9051 | D:8      | Bought a scroll of fear for 48 gold pieces
  9051 | D:8      | Bought a scroll of teleportation for 36 gold pieces
  9534 | D:9      | Found an opulent altar of Gozag.
 10175 | D:9      | Reached skill level 10 in Stealth
 10313 | D:9      | Found a broken altar of Ashenzari.
 10555 | D:9      | Reached XP level 11. HP: 57/80 MP: 7/20
 10933 | D:10     | Entered Level 10 of the Dungeon
 11272 | D:10     | Found an iron altar of Okawaru.
 11280 | D:10     | Noticed a two-headed ogre
 11292 | D:10     | Killed a two-headed ogre
 11293 | D:10     | Reached skill level 10 in Fighting
 11514 | D:10     | Noticed Snorg
 11533 | D:10     | Killed Snorg
 11667 | D:10     | Reached skill level 11 in Stealth
 12044 | D:11     | Noticed a cyclops
 12057 | D:11     | Killed a cyclops
 12278 | D:11     | Found a staircase to the Orcish Mines.
 12503 | D:11     | Noticed a cyclops
 12525 | D:11     | Killed a cyclops
 12532 | D:11     | Noticed a cyclops
 12546 | D:11     | Killed a cyclops
 13033 | D:11     | Reached XP level 12. HP: 89/89 MP: 14/22
 13426 | D:11     | Found a staircase to the Lair.
 14023 | D:12     | Reached skill level 12 in Stealth
 14043 | D:12     | Found a transporter.
 14051 | D:12     | Found a transporter.
 14053 | D:12     | Found a transporter.
 14061 | D:12     | Noticed Frances
 14091 | D:12     | Killed Frances
 14653 | Lair:1   | Entered Level 1 of the Lair of Beasts
 15451 | Lair:2   | Found a staircase to the Swamp.
 15463 | Lair:2   | Reached *** piety under Ashenzari
 15516 | Lair:2   | Noticed an eight-headed hydra
 15541 | Lair:2   | Killed an eight-headed hydra
 15542 | Lair:2   | Reached skill level 1 in Short Blades
 16235 | Lair:2   | Reached XP level 13. HP: 97/97 MP: 25/25
 16263 | Lair:2   | Reached skill level 13 in Stealth
 16544 | Lair:2   | Found the +3 pair of gauntlets of War {Slay+5}
 16628 | Lair:2   | Identified the amulet of Utwungoi {Spirit Rampage}
 17110 | Lair:3   | Noticed Amaemon
 17128 | Lair:3   | Killed Amaemon
 17292 | Lair:3   | Found a staircase to the Snake Pit.
 17577 | Lair:3   | Noticed Urug
 17586 | Lair:3   | Killed Urug
 17899 | Lair:3   | Noticed Gastronok
 17913 | Lair:3   | Killed Gastronok
 17914 | Lair:3   | Reached skill level 10 in Summonings
 18346 | Lair:4   | Reached skill level 5 in Short Blades
 18889 | Lair:4   | Identified the +0 quarterstaff "Otouclut" {venom, Dex+3}
 18946 | Lair:4   | Reached **** piety under Ashenzari
 19308 | Lair:4   | Reached skill level 10 in Dodging
 19975 | Lair:4   | Reached skill level 14 in Stealth
 20033 | Lair:4   | Reached XP level 14. HP: 81/104 MP: 6/27
 20181 | Lair:5   | Entered Level 5 of the Lair of Beasts
 21264 | Lair:5   | Found a viscous altar of Jiyva.
 21267 | Lair:5   | Found a staircase to the Slime Pits.
 21800 | Lair:5   | Noticed a dire elephant
 21831 | Lair:5   | Killed a dire elephant
 22041 | Lair:5   | Identified the amulet "Vyirups" {Faith rElec Will+ Int+3}
 22060 | Lair:5   | Reached skill level 15 in Stealth
 22495 | Lair:5   | Learned a level 4 spell: Iskenderun's Mystic Blast
 22602 | Orc:1    | Entered Level 1 of the Orcish Mines
 22668 | Orc:1    | Noticed Fannar
 22984 | D:12     | Noticed Rupert
 23007 | D:12     | Slain by Rupert

Illustrated notes

Levels and vault maps discovered:
D:1:      psy_arrival_fountain, layout_basic, minmay_hexomino_u4
D:2:      layout_basic, serial_forest, infiniplex_forest_pool,
          infiniplex_forest_lined_room_2, infiniplex_forest_clump_long,
          infiniplex_forest_clump_medium, infiniplex_forest_lined_room_2,
          infiniplex_forest_corner_1, infiniplex_forest_straight_1,
          infiniplex_forest_clump_small, infiniplex_forest_zigzag_1,
          ebering_ecumenical_altar_box, uniq_crazy_yiuf_cottage, uniq_natasha
D:3:      layout_loops_ring, lemuel_tele_altar
D:4:      cheibrodos_helix_gallery, layout_cave_pods, portal_sewer_entry_e
D:5:      layout_cave_pools, minmay_temple_entry_mini_moons,
          minmay_misc_feat_secret_circle
D:6:      layout_gridville, chequers_temple_overflow_minitemple,
          minmay_misc_feat_x
D:7:      layout_cave_pools, amethyst_overflow_temple_binary
D:8:      layout_rooms, serial_shops, nicolae_shop_window_shopping,
          hellmonk_guarded_unrand_zhor
D:9:      layout_basic, nicolae_gozag_seed_capital,
          lemuel_coloured_pillars_altar
D:10:     layout_loops_corners, okawaru_metal_pillars_1_2, uniq_snorg
D:11:     layout_stronghold, due_lair_maze_entry_diamond, david_orc_2,
          kennysheep_generic_room_12
D:12:     layout_big_octagon, nicolae_diode_quadrants, uniq_frances, uniq_rupert
Lair:1:   layout_cave_shapes, lemuel_fruit_tree
Lair:2:   layout_regular_city, skrybe_swamp_entry_bodies
Lair:3:   layout_gridlike, minmay_snake_entry_six_corridors, uniq_amaemon,
          uniq_urug, uniq_gastronok
Lair:4:   layout_long_grid, beast_lair_carwin_3
Lair:5:   hangedman_lair_in_review, layout_gridlike, slime_entry_1
Orc:1:    layout_caves, special_room [special_room_orc], basic_altar,
          uniq_fannar

Skill      XL: |  1  2  3  4  5  6  7  8  9 10 11 12 13 14 |
---------------+-------------------------------------------+-----
Stealth        | 3 4 5 6 7 8 10 11 12 14 15 | 15.2
Fighting       | 1 2 3 4 6 8 9 10 12 13 | 13.4
Dodging        | 3 4 5 6 7 8 9 10 11 | 11.0
Spellcasting   | 3 4 5 6 7 8 9 |  9.9
Summonings     | 5 6 7 8 9 10 11 | 11.3
Short Blades   | 2 5 |  5.3

Action                     |  1- 3 |  4- 6 |  7- 9 | 10-12 | 13-15 || total
---------------------------+-------+-------+-------+-------+-------++-------
  Melee: Unarmed           |    20 |       |       |       |       ||    20
         Constrict         |    11 |    16 |    13 |     8 |    13 ||    61
         Tentacles         |     4 |    24 |    12 |    18 |    14 ||    72
         Dagger            |    21 |   110 |    11 |       |       ||   142
         Punch             |       |     1 |     1 |     1 |     1 ||     4
         Short sword       |       |       |    61 |    67 |    54 ||   182
   Cast: Summon Small Mamm |    24 |     5 |    30 |    25 |    23 ||   107
         Call Imp          |     7 |     7 |    24 |    26 |    32 ||    96
         Call Canine Famil |       |     9 |    29 |    53 |    53 ||   144
         Summon Guardian G |       |     1 |    10 |    48 |    72 ||   131
         Summon Lightning  |       |       |    13 |    61 |    65 ||   139
         Iskenderun's Myst |       |       |       |       |     2 ||     2
 Invoke: Curse Item        |       |     2 |     3 |     1 |     2 ||     8
  Evoke: Box of beasts     |       |       |       |     2 |       ||     2
         Wand              |       |       |       |     3 |     6 ||     9
    Use: Potion            |     1 |     1 |     3 |     2 |     1 ||     8
         Scroll            |       |       |     2 |     1 |     2 ||     5
   Stab: Sleeping          |     6 |    15 |     7 |     5 |     1 ||    34
         Distracted        |       |       |       |     4 |     6 ||    10
 Armour: Skin              |    18 |    55 |    61 |   103 |    71 ||   308
  Dodge: Dodged            |    34 |    49 |    81 |   108 |   114 ||   386

Table legend: (Time is in decaauts)
 A = Elapsed time spent in this place.
 B = Non-inter-level travel time spent in this place.
 C = Inter-level travel time spent in this place.
 D = Time resting spent in this place.
 E = Time spent auto-exploring this place.
 F = Levels seen in this place.
 G = Mean time per level.
                   A        B        C        D        E       F      G
               +--------+--------+--------+--------+--------+-----+--------+
         Total |  23062 |  22382 |    680 |   5228 |  13132 |  19 | 1213.8 |
       Dungeon |  14230 |  13825 |    405 |   3273 |   8122 |  12 | 1185.8 |
          Lair |   7965 |   7691 |    274 |   1903 |   4489 |   5 | 1593.0 |
  Orcish Mines |     77 |     77 |      0 |      0 |      0 |   1 |   77.0 |
         Sewer |    789 |    789 |      0 |     52 |    521 |   1 |  789.0 |
               +--------+--------+--------+--------+--------+-----+--------+

Top non-repeatable levels by time:
    D:11: 2359 daAuts
  Lair:5: 2334 daAuts
  Lair:2: 1717 daAuts
  Lair:4: 1698 daAuts
  Lair:3: 1462 daAuts
     D:9: 1419 daAuts
     D:8: 1276 daAuts
     D:6: 1213 daAuts
     D:2: 1205 daAuts
     D:7: 1201 daAuts
     D:1: 1191 daAuts
    D:10: 1093 daAuts
     D:4: 1071 daAuts
     D:3: 899 daAuts
   Sewer: 789 daAuts
